 Dungeon Crawl Stone Soup version 0.22-a0-525-gf69a080 (webtiles) character file.

18 BingusPrime the Insei (level 2, 0/18 HPs)
             Began as an Octopode Transmuter on June 20, 2018.
             Slain by a kobold
             ... wielding a +2 short sword of flaming
              (2 damage)
             ... on level 1 of the Dungeon.
             The game lasted 00:01:23 (636 turns).

BingusPrime the Insei (Octopode Transmuter)          Turns: 636, Time: 00:01:24

Health: 0/18       AC:  1    Str:  9    XL:     2   Next: 66%
Magic:  4/5        EV: 13    Int: 15    God:
Gold:   22         SH:  0    Dex: 12    Spells: 4/5 levels left

rFire    . . .     SeeInvis .     - Unarmed
rCold    . . .     Gourm    .   (no shield)
rNeg     . . .     Faith    .   (helmet restricted)
rPois    .         Spirit   .   (no amulet)
rElec    .         Reflect  .   (no ring)
rCorr    .         Harm     .   (no ring)
MR       .....                  (no ring)
Stlth    ++........             (no ring)
HPRegen  0.06/turn              (no ring)
MPRegen  0.09/turn              (no ring)
                                (no ring)
                                (no ring)

@: appendage
A: almost no armour, stealthy swim, amphibious, 8 rings, constrict 8, tentacle
spike 3, camouflage 1, gelatinous body 1
a: End Transformation


You were on level 1 of the Dungeon.
You were not hungry.
One of your tentacles had a temporary spike.
You visited 1 branch of the dungeon, and saw 1 of its levels.

You collected 22 gold pieces.

Inventory:

Missiles
 a - 12 arrows
Scrolls
 b - a scroll of fog {unknown}
 f - a scroll of magic mapping {unknown}
Potions
 d - a potion of agility {unknown}
 e - a potion of magic {unknown}
Comestibles
 c - a ration


   Skills:
 + Level 1.0 Fighting
 + Level 2.2 Dodging
 + Level 3.4 Unarmed Combat
 + Level 2.1 Spellcasting
 + Level 2.1 Transmutations


You had 4 spell levels left.
You knew the following spells:

 Your Spells              Type           Power        Failure   Level  Hunger
a - Beastly Appendage     Tmut           #.....       9%          1    #......

Your spell library contained the following spells:

 Spells                   Type           Power        Failure   Level  Hunger
 Spider Form              Tmut/Pois      #.........   38%         3    ###....
 Blade Hands              Tmut           #.........   94%         5    ######.
 Ice Form                 Ice/Tmut       #.......     80%         4    #####..
 Sticks to Snakes         Tmut           #.......     14%         2    ###....


Dungeon Overview and Level Annotations

Branches:
Dungeon (1/15)

Altars:


Innate Abilities, Weirdness & Mutations

You cannot wear most types of armour.
You are very stealthy in the water. (Stealth+)
You are amphibious.
You can wear up to eight rings at the same time.
You can use your tentacles to constrict eight enemies at once.
Your skin changes colour to match your surroundings (Stealth+).
Your rubbery body absorbs attacks. (AC +1, EV +1)
One of your tentacles bears a large vicious spike.


Message History

You tentacle-slap the rat but do no damage.
You grab the rat.
You kill the rat!
No target in view!
Your tentacle spike disappears.
A kobold comes into view.
It is wielding a short sword of flaming.
The kobold shouts!
Found a short sword.
Casting: Beastly Appendage (safe; 9% risk of failure)
Confirm with . or Enter, or press ? or * to list all spells.
One of your tentacles grows a vicious spike.
A bat comes into view.
The kobold hits you with a short sword of flaming.
The kobold burns you.
You closely miss the kobold. Your grab misses the kobold. The bat hits you.
You barely miss the bat. Your grab misses the bat. The bat closely misses you.
The kobold hits you with a short sword of flaming!
* * * LOW HITPOINT WARNING * * *
The kobold burns you.
You die...

## # . #. .# ...
##.########.#....
...........).....
.
.........@K......
..
#.#.#..#.#.#####
####.. #.#.#..#b#
# #####......
####.#....#.#
#..........
#......#..#.#
#..........
#....#.##.#.#
#..........
#....#.##.#....#
#..........
#....#....#....#
#..........
#....######....#
#..........


You could see a bat and a kobold.

Vanquished Creatures
  A gnoll (D:1)
  A leopard gecko (D:1)
  A goblin (D:1)
  3 bats (D:1)
  A frilled lizard (D:1)
  2 rats (D:1)
9 creatures vanquished.

Notes
Turn   | Place    | Note
-------+----------+-------------------------------------------
     0 | D:1      | BingusPrime the Octopode Transmuter began the quest for the Orb.
     0 | D:1      | Reached XP level 1. HP: 13/13 MP: 3/3
   121 | D:1      | Reached XP level 2. HP: 3/18 MP: 3/5
   636 | D:1      | Slain by a kobold

Vault maps used:
D:1:      minmay_arrival_widening_spiral_narrow

Action                   || total
-------------------------++-------
Melee: Unarmed           ||    29
       Tentacles         ||     4
       Kick              ||     3
       Constrict         ||     6
       Punch             ||     1
 Cast: Beastly Appendage ||     5
 Stab: Sleeping          ||     1
Armor: Skin              ||     4
Dodge: Dodged            ||    17

Table legend:
 A = Spawn XP
 B = Non-spawn XP
 C = Spawn XP percentage of total XP
 D = Spawn monster count
 E = Non-spawn monster count
 F = Spawn count percentage of total count
 G = Total turns spent on level
                    A         B        C        D         E        F      G
               +---------+---------+-------+---------+---------+-------+---------
         Total |       0 |      26 |   0.0 |       0 |       9 |   0.0 |   636
               +---------+---------+-------+---------+---------+-------+---------
           D:1 |       0 |      26 |   0.0 |       0 |       9 |   0.0 |   636
               +---------+---------+-------+---------+---------+-------+---------
